AoeStats
← Kiritastrich

Arabia

503114463Analyzed
1v1 RM · 1mo ago on Aug 30, 2026· 36m 30s· 2 players
Game mode
Random Map
Map size
Tiny (2 player)
Population
200
Speed
Normal
Resources
Standard
Victory
Conquest
Starting age
Dark Age
Ending age
Imperial Age
RankedLock teamsTeams togetherTeam positionsShared explorationLock speedFull tech treeHidden civsTurbo modeCheats
Victory
Defeat
🇩🇪 Bulgarians · Germany
1791
+21
🇷🇺 Malians · Russia
1907
-21
Waldblume
6:23 Loom
6:37 Loom
9:26 Feudal Age
10:00 Horse Collar
10:38 Double-Bit Axe
15:01 Wheelbarrow
18:21 Castle Age
16:36 Gold Mining
17:57 Fletching
19:01 Bodkin Arrow
19:28 Bow Saw
22:35 Ballistics
28:34 Bloodlines
33:12 Stone Mining
36:00 Imperial Age
34:30 Stone Shaft Mining
35:20 Scale Barding Armor
35:13 Town Watch
Kiritastrich
2:30 Loom
11:53 Feudal Age
17:56 Castle Age
16:40 Double-Bit Axe
21:32 Fishing Lines
23:55 Elite Skirmisher
24:42 Fletching
25:26 Bodkin Arrow
26:24 Padded Archer Armor
27:09 Ballistics
27:20 Horse Collar
Connection lost

Rejoining the realm…

Still unreachable

The connection could not be restored.

Session expired

The server has moved on; the page needs a fresh start.